 Dungeon Crawl Stone Soup version 0.18.1-6-gd335043 (webtiles) character file.

163 manyhoops the Chopper (level 5, 0/41 HPs)
             Began as a Demonspawn Gladiator on May 18, 2016.
             Slain by an orc warrior
             ... wielding a +0 broad axe
              (19 damage)
             ... on level 3 of the Dungeon.
             The game lasted 00:02:53 (2140 turns).

manyhoops the Chopper (Demonspawn Gladiator)        Turns: 2140, Time: 00:02:54

Health: 0/41       AC: 11    Str: 17    XL:     5   Next: 20%
Magic:  5/5        EV: 10    Int:  9    God:
Gold:   113        SH:  0    Dex: 13    Spells: 0 memorised, 4 levels left

rFire  . . .     SeeInvis .     a - +0 war axe
rCold  . . .     Gourm    +     m - +0 chain mail
rNeg   . . .     Faith    .     (no shield)
rPois  .         Spirit   .     c - +0 helmet
rElec  .         Dismiss  .     (no cloak)
rCorr  .         Reflect  .     p - +0 pair of gloves
SustAt .         Harm     .     (no boots)
MR     .....                    e - amulet of the gourmand
Stlth  ..........               (no ring)
                                (no ring)

@: not resistant to hostile enchantments, extremely unstealthy
A: claws 1, repulsion field 1
a: no special abilities


You were on level 3 of the Dungeon.
You were very full.

You visited 1 branch of the dungeon, and saw 3 of its levels.

You collected 113 gold pieces.

Inventory:

Hand Weapons
 a - a +0 war axe (weapon)
Missiles
 d - 3 throwing nets (quivered)
Armour
 b - a +0 leather armour
 c - a +0 helmet (worn)
 m - a +0 chain mail (worn)
 p - a +0 pair of gloves (worn)
Jewellery
 e - an amulet of the gourmand (around neck)
Scrolls
 g - a scroll of teleportation
 j - a scroll of magic mapping {unknown}
 k - a scroll of enchant weapon {unknown}
 n - a scroll of remove curse
Potions
 h - a potion of degeneration {unknown}
 i - a potion of heal wounds
 l - a potion of beneficial mutation {unknown}
 o - 3 potions of curing {unknown}
Comestibles
 f - a bread ration
 q - a chunk of flesh


   Skills:
 + Level 3.5 Fighting
 + Level 3.7 Axes
 - Level 1.7 Throwing
 + Level 2.5 Armour
 - Level 2.6 Dodging


You had 4 spell levels left.
You didn't know any spells.

Dungeon Overview and Level Annotations

Branches:
Dungeon (3/15)

Altars:


Innate Abilities, Weirdness & Mutations

You have sharp fingernails.
You are surrounded by a mild repulsion field (EV +2).


Message History

The orc wizard closely misses you.
You hit the orc wizard but do no damage.
The orc wizard is heavily wounded.
The orc wizard miscasts a cantrip.
You barely miss the orc wizard.
The orc wizard is heavily wounded.
The orc wizard hits you but does no damage.
You slash the orc wizard!
You kill the orc wizard!
You have reached level 5!
Things that are here:
a dagger; a robe; an orc corpse You butcher the orc corpse.
q - a chunk of flesh
Things that are here:
a dagger; a robe; an orc skeleton
There is a stone staircase leading down here.
You climb downwards.
The orc warrior hits you with a broad axe!!
You die...

#.# #.#..#og#.......### #.#
#.....o..g......##. #.#
##...###........#..
#######.######...###....#......
##.....#......#....###.#......§.
##...............####
########### #................# #
#<..(............##♣♣♣ #
#...............@#.P.♣.♣ #
#..............o...P..♣ #
#..................PP♣♣ #
#................#.P♣♣ #
##..............###♣♣ #
##.....##.......# #
##########.....# # #.....######
#)..(.^....#


You could see an orc warrior.

Vanquished Creatures
  An orc wizard (D:2)
  6 adders
  A gnoll (D:1)
  An ooze (D:3)
  2 worms (D:2)
  2 dart slugs (D:2)
  A giant gecko (D:3)
  4 ball pythons (D:1)
  3 bats
  5 giant cockroaches
  3 goblins
  3 hobgoblins (D:2)
  4 jackals (D:2)
  2 quokkas (D:2)
  2 giant newts
  6 kobolds
  13 rats
59 creatures vanquished.

Notes
Turn   | Place    | Note
--------------------------------------------------------------
     0 | D:1      | manyhoops the Demonspawn Gladiator began the quest for the Orb.
     0 | D:1      | Reached XP level 1. HP: 16/16 MP: 1/1
   159 | D:1      | Gained mutation: You have sharp fingernails. [demonic ancestry]
   159 | D:1      | Reached XP level 2. HP: 19/23 MP: 2/2
   618 | D:2      | Reached XP level 3. HP: 6/28 MP: 3/3
   899 | D:2      | Reached skill level 1 in Armour
  1416 | D:2      | Gained mutation: You are surrounded by a mild repulsion field (EV +2). [demonic ancestry]
  1416 | D:2      | Reached XP level 4. HP: 32/35 MP: 4/4
  2088 | D:3      | Noticed an orc warrior
  2134 | D:2      | Reached XP level 5. HP: 18/41 MP: 5/5
  2140 | D:3      | Slain by an orc warrior

Skill      XL: |  1  2  3  4 |
---------------+-------------+-----
Axes           | 3 |  3.7
Armour         | 1 2 |  2.5
Fighting       | 3 |  3.5
Throwing       | |  1.7
Dodging        | |  2.6

Action                   |  1- 3 |  4- 6 || total
-------------------------+-------+-------++-------
Melee: War axe           |   117 |    94 ||   211
  Use: Scroll            |     5 |       ||     5
       Potion            |     1 |       ||     1
  Eat: Chunk             |    10 |     2 ||    12
Armor: Leather armour    |    13 |       ||    13
       Chain mail        |    78 |    52 ||   130
Dodge: Dodged            |    64 |    61 ||   125
